 Dungeon Crawl Stone Soup version 0.26.1-11-gd32895ea62 (webtiles) character file.

Game seed: 18042086642229787378

55 nothank2 the Skirmisher (level 3, -3/30 HPs)
             Began as a Demonspawn Abyssal Knight on June 22, 2021.
             Was a Believer of Lugonu.
             Slain by Terence
             ... wielding a +0 falchion
              (4 damage)
             ... on level 2 of the Dungeon.
             The game lasted 00:03:24 (2070 turns).

nothank2 the Skirmisher (Demonspawn Abyssal Knight) Turns: 2070, Time: 00:03:24

Health: -3/30      AC:  4    Str: 13    XL:     3   Next: 67%
Magic:  4/4        EV: 11    Int: 13    God:    Lugonu [**....]
Gold:   96         SH:  0    Dex: 12    Spells: 2/2 levels left

rFire    . . .     SeeInvis .   a - +1 falchion
rCold    . . .     Faith    .   (no shield)
rNeg     . . .     Spirit   .   b - +0 leather armour
rPois    .         Reflect  .   c - +0 helmet (curse)
rElec    .         Harm     .   (no cloak)
rCorr    .         Rampage  .   (no gloves)
Will     +....                  (no boots)
Stlth    +.........             (no amulet)
HPRegen  0.10/turn              l - ring of willpower
MPRegen  0.09/turn              (no ring)

@: no status effects
A: sturdy frame 1
a: Renounce Religion, Depart the Abyss, Bend Space


You were on level 2 of the Dungeon.
You worshipped Lugonu.
Lugonu was pleased with you.
You visited 1 branch of the dungeon, and saw 2 of its levels.
You visited the Abyss 1 time.

You collected 96 gold pieces.

Inventory:

Hand Weapons
 a - a +1 falchion (weapon)
 o - a +0 short sword of draining
Armour
 b - a +0 leather armour (worn)
 c - a cursed +0 helmet (worn)
Jewellery
 l - a ring of willpower (left hand)
Scrolls
 d - 5 scrolls of identify {unknown}
 e - a scroll of immolation {unknown}
 f - 2 scrolls of enchant weapon {unknown}
 h - 4 scrolls of enchant armour {unknown}
Potions
 g - a potion of brilliance {unknown}
 i - 2 potions of resistance {unknown}
 j - a potion of ambrosia {unknown}
 k - a potion of heal wounds {unknown}
 m - a potion of magic {unknown}
 n - a potion of flight {unknown}


   Skills:
 + Level 3.7 Fighting
 + Level 2.9 Long Blades
 - Level 1.8 Armour
 - Level 1.0 Dodging
 + Level 2.5 Invocations


You had 2 spell levels left.
You didn't know any spells.
Your spell library was empty.

Dungeon Overview and Level Annotations

Branches:
Dungeon (2/15)

Altars:
Hepliaklqana

Annotations:
D:2 Terence


Innate Abilities, Weirdness & Mutations

Your movements are slightly less encumbered by armour. (ER -2)


Message History

Terence closely misses you.
You hit Terence but do no damage.
Terence is almost dead.
Terence hits you with a +0 falchion!
* * * LOW HITPOINT WARNING * * *
You hit Terence but do no damage.
Terence is almost dead.
Terence hits you but does no damage.
You hit Terence but do no damage.
Terence is almost dead.
Terence barely misses you.
You hit Terence but do no damage.
Terence is almost dead.
Terence hits you but does no damage.
You hit Terence.
Terence is almost dead.
Terence hits you with a +0 falchion.
* * * LOW HITPOINT WARNING * * *
Terence hits you with a +0 falchion.
You die...

##########
).....@@.#
#
########.#
#
#####.#####
#
#.........#
######
#.###.##.##
..#..#
#...##.#
..#..#
#.####.#
.....######
.#.# #.#
....#..#..#
#.#.# #.#


You could see Terence.

Vanquished Creatures
  A worm (D:2)
  3 dart slugs
  A leopard gecko (D:2)
  2 ball pythons (D:1)
  3 giant cockroaches
  4 goblins
  7 hobgoblins
  2 jackals (D:1)
  2 bats (D:1)
  2 frilled lizards
  6 kobolds
  11 rats
44 creatures vanquished.

Notes
Turn   | Place    | Note
-------+----------+-------------------------------------------
     0 | Abyss:1  | nothank2 the Demonspawn Abyssal Knight began the quest for
                  | the Orb.
     0 | Abyss:1  | Reached XP level 1. HP: 18/18 MP: 2/2
     0 | D:1      | Escaped the Abyss
    28 | D:1      | Noticed a merfolk zombie
    30 | D:1      | Noticed a minotaur zombie
    79 | D:1      | Reached * piety under Lugonu
   240 | D:1      | Reached skill level 1 in Dodging
   240 | D:1      | Gained mutation: Your movements are slightly less
                  | encumbered by armour. (ER -2) [demonic ancestry]
   240 | D:1      | Reached XP level 2. HP: 24/24 MP: 3/3
   681 | D:1      | Reached XP level 3. HP: 19/29 MP: 4/4
  1398 | D:2      | Reached ** piety under Lugonu
  1709 | D:2      | Found a hazy altar of Hepliaklqana.
  2043 | D:2      | Noticed Terence
  2066 | D:2      | HP: 1/30 [Terence/+0 falchion (7)]
  2070 | D:2      | Slain by Terence

Illustrated notes

Levels and vault maps discovered:
D:1:      shiori_arrival_whats_in_store_for_you, layout_loops_ring,
          minmay_pentomino_v4
D:2:      layout_basic, general_overflow_altar, minivault_14,
          hangedman_decor_push, minmay_misc_feat_secret_circle, uniq_terence,
          uniq_robin

Skill      XL: |  1 |
---------------+----+-----
Long Blades    | 2 |  2.9
Dodging        | 1 |  1.0
Fighting       | |  3.7
Armour         | |  1.8
Invocations    | |  2.5

Action                   || total
-------------------------++-------
Melee: Falchion          ||   161
Invok: Depart the Abyss  ||     1
Armor: Leather armour    ||    52
Dodge: Dodged            ||    99
       Rpst.: Falchion   ||    30
